VOD

https://www.youtube.com/watch?v=__lgVkG5A7I

Replay - Macro #1 - An Introduction

Build Order

Get SALT Encoding   

  14  0:17  Pylon  
  16  0:39  Gateway  
  16  0:43  Assimilator  
  19  1:18  Nexus  
  20  1:26  Assimilator  
  21  1:37  Pylon  
  22  1:49  Cybernetics Core  
  24  2:25  Adept  
  24  2:26  Warp Gate  
  24  2:27  Mothership Core (Chrono Boost)  
  28  2:31  Twilight Council  
  31  2:54  Adept  
  36  3:07  Resonating Glaives (Chrono Boost)  
  36  3:11  Robotics Facility  
  39  3:21  Adept  
  39  3:22  Pylon  
  43  3:35  Pylon  
  45  3:44  Gateway  
  45  3:45  Gateway  
  46  3:53  Warp Prism (Chrono Boost)  
  50  4:03  Assimilator  
  50  4:07  Assimilator  
  50  4:09  Pylon  
  54  4:28  Pylon  
  54  4:31  Observer  
  55  4:33  Adept  
  59  4:41  Blink (Chrono Boost)  
  59  4:42  Stalker x2  
  64  4:49  Observer  
  66  4:58  Nexus  
  67  5:07  Stalker  
  67  5:08  Stalker  
  67  5:14  Observer  
  73  5:18  Stalker  
  76  5:24  Pylon  
  78  5:32  Forge  
  78  5:33  Forge  
  78  5:36  Pylon  
  78  5:40  Observer  
  79  5:43  Pylon  
  79  5:50  Gateway x2  
  81  6:03  Adept x2  
  81  6:04  Adept  
  89  6:12  Protoss Ground Weapons Level 1 (Chrono Boost), Protoss Ground Armor Level 1 (Chrono Boost)  
  79  6:27  Immortal (Chrono Boost)  
  79  6:31  Stalker x3  
  87  6:37  Charge  
  91  6:56  Assimilator  
  91  6:58  Templar Archives  
  91  7:00  Assimilator  
  93  7:06  Immortal (Chrono Boost)  
  93  7:07  Sentry, Zealot x2  
  104  7:15  Probe x3  
  106  7:27  Probe x2  
  106  7:32  Stalker  
  106  7:33  Stalker x2  
  106  7:35  Probe  
  113  7:39  Probe  
  113  7:42  Probe  
  111  7:47  Probe  
  111  7:48  Psionic Storm  
  111  7:50  Immortal (Chrono Boost)  
  116  7:57  Protoss Ground Armor Level 2, Protoss Ground Weapons Level 2, Pylon  
  116  8:00  High Templar  
  116  8:01  High Templar, Zealot x2  
  116  8:05  Pylon  
  124  8:06  Pylon  
  124  8:24  Immortal (Chrono Boost), Zealot x2  
  124  8:25  Zealot  
  134  8:30  Gateway  
  134  8:32  Gateway  
  134  8:36  Gateway  
  134  8:38  Pylon  
  134  8:40  Pylon  
  134  8:42  Stargate, Pylon  
  134  8:46  Nexus  
  134  8:49  Pylon  
  134  8:52  Pylon  
  134  8:53  Pylon  
  134  8:54  Dark Shrine  
  134  9:00  Gateway  
  134  9:02  Gateway  
  134  9:05  Gateway  
  134  9:06  Gateway  
  134  9:11  High Templar x3  
  134  9:12  High Templar  
  140  9:25  Stalker  
  140  9:27  Gateway, Immortal (Chrono Boost)  
  140  9:28  Gateway  
  146  9:38  Zealot  
  148  9:47  Stalker x6  
Spawning Tool Build Advisor. Get it on Overwolf

Go to:

Details

  • Created by: PeterLiu
  • Published on: Mar 05, 2016
  • Modified on: Apr 04, 2016
  • Patch: Pre-3.8.0
Show
View Real Time Build Order
Export as new Build Order

Comments (0)

There are no comments. Be the first!

Create an account to comment!